AoeStats
← General_Popson

Hill Fort

505895215Analyzed
2v2 RM · 22d ago on Sep 11, 2026· 54m 15s· 4 players
Game mode
Random Map
Map size
Medium (4 player)
Population
200
Speed
Normal
Resources
Standard
Victory
Conquest
Starting age
Dark Age
Ending age
Imperial Age
RankedLock teamsTeams togetherTeam positionsShared explorationLock speedFull tech treeHidden civsTurbo modeCheats
Victory
Defeat
🇬🇹 Vietnamese · Guatemala
586
+15
🇳🇱 Turks · Netherlands
531
+17
🇪🇸 Romans · Spain
568
-16
🇪🇸 Bohemians · Spain
559
-16
staL-vuelve
14:38 Feudal Age
17:30 Double-Bit Axe
18:39 Wheelbarrow
18:36 Loom
24:46 Horse Collar
32:31 Castle Age
32:43 Pikeman
33:30 Husbandry
34:37 Forging
34:28 Scale Mail Armor
36:29 Hand Cart
36:58 Squires
36:44 Arson
44:17 Imperial Age
46:01 Cavalier
47:55 Caravan
52:58 Bow Saw
General_Popson
1:34 Loom
13:01 Feudal Age
14:48 Wheelbarrow
14:07 Gold Mining
14:09 Double-Bit Axe
17:26 Horse Collar
24:13 Stone Mining
27:08 Fletching
27:18 Padded Archer Armor
29:57 Castle Age
30:55 Hand Cart
30:53 Bow Saw
30:16 Crossbowman
34:03 Husbandry
34:14 Bloodlines
34:48 Forging
37:14 Heavy Plow
39:13 Gold Shaft Mining
43:18 Caravan
52:37 Ballistics
52:29 Masonry
IggyGoya
12:49 Feudal Age
13:20 Gold Mining
13:19 Double-Bit Axe
17:20 Loom
18:15 Wheelbarrow
19:04 Stone Mining
25:10 Castle Age
24:58 Horse Collar
26:27 Bow Saw
26:31 Caravan
33:13 Fletching
33:24 Padded Archer Armor
36:59 Imperial Age
34:50 Hand Cart
34:22 Town Watch
35:47 Gold Shaft Mining
38:59 Two-Man Saw
39:21 Conscription
40:36 Ballistics
43:37 Bloodlines
43:30 Husbandry
43:31 Bodkin Arrow
43:51 Leather Archer Armor
43:42 Scale Barding Armor
49:12 Elite Janissary
kolemy
1:05 Loom
14:51 Feudal Age
15:47 Double-Bit Axe
18:59 Horse Collar
25:35 Gold Mining
25:37 Stone Mining
26:38 Wheelbarrow
25:49 Town Watch
30:22 Castle Age
28:42 Man-at-Arms
29:31 Fletching
34:23 Crossbowman
38:36 Heavy Plow
39:29 Bow Saw
40:48 Hand Cart
40:34 Town Patrol
40:15 Pikeman
40:56 Squires
40:42 Arson
40:18 Long Swordsman
40:48 Treadmill Crane
41:29 Ballistics
41:05 Murder Holes
41:22 Fortified Wall
47:03 Imperial Age
46:41 Light Cavalry
47:33 Bloodlines
47:24 Husbandry
48:54 Two-Man Saw
48:31 Crop Rotation
49:00 Paper Money
48:41 Chatras
49:47 Chemistry
48:18 Arbalester
49:00 Bodkin Arrow
49:07 Padded Archer Armor
48:33 Elite Battle Elephant
49:38 Caravan
50:32 Bracer
49:56 Halberdier
49:58 Two-Handed Swordsman
50:02 Cavalier
50:52 Thumb Ring
50:10 Elite Skirmisher
Connection lost

Rejoining the realm…

Still unreachable

The connection could not be restored.

Session expired

The server has moved on; the page needs a fresh start.